Map: Cactus Valley LE (Void)

Players

daydrA

  • Race: Zerg Zerg
  • Spawn Location: 7:00

NonY - Winner!

  • Race: Protoss Protoss
  • Spawn Location: 5:00

Event: WCS Austin 2017

VOD

Have the link to the VOD?

Description

Time

  • Played on: April 28, 2017, 5:56 p.m.
  • Length: 6:11

All games in this series

Show
View Real Time Build Order
Export as new Build Order

daydrA Zerg 

Build Orders: Hatch First 

Get SALT Encoding   

  12  0:01  Drone  
  13  0:12  Overlord  
  13  0:17  Drone  
  14  0:32  Drone x2  
  14  0:35  Drone  
  17  0:52  Hatchery  
  16  0:57  Drone  
  16  0:59  Drone  
  18  1:12  Extractor  
  18  1:14  Spawning Pool  
  16  1:19  Drone  
  16  1:22  Drone  
  18  1:29  Drone  
  19  1:41  Drone  
  20  1:50  Overlord  
  20  2:00  Queen  
  22  2:03  Queen  
  22  2:04  Zergling x4  
  26  2:11  Zergling x2  
  27  2:15  Metabolic Boost  
  27  2:21  Drone  
  28  2:23  Drone  
  29  2:41  Hatchery  
  28  2:44  Drone  
  28  2:47  Drone  
  28  2:49  Drone  
  31  2:55  Pneumatized Carapace  
  31  3:00  Drone  
  31  3:03  Drone  
  33  3:07  Drone x2  
  35  3:16  Drone x2  
  35  3:18  Overlord  
  36  3:22  Overlord  
  36  3:40  Drone x6  
  42  3:43  Evolution Chamber  
  42  3:46  Roach Warren  
  40  3:49  Drone  
  40  3:54  Queen  
  43  3:58  Drone, Extractor  
  43  4:01  Drone  
  44  4:03  Drone  
  44  4:09  Zerg Melee Weapons Level 1  
  45  4:11  Overlord  
  45  4:13  Drone x2  
  47  4:22  Lair  
  47  4:24  Drone x2  
  49  4:25  Zergling x4  
  49  4:30  Roach  
  49  4:31  Roach  
  55  4:34  Roach  
  55  4:37  Zergling x4  
  59  4:42  Zergling x4, Roach  
  59  4:44  Zergling x2  
  64  4:49  Zergling x4  
  66  4:55  Overlord  
  66  4:56  Zergling x2  
  66  4:57  Overlord x2  
  64  5:04  Zergling x4, Roach  
  64  5:05  Zergling x2  
  64  5:09  Roach  
  63  5:19  Zergling x4, Roach x2  
  63  5:20  Zergling x2  
  66  5:25  Zergling x2  
  66  5:27  Zergling x4, Roach  
  62  5:30  Zergling x2  
  62  5:32  Zergling x2  
  61  5:39  Zergling x2  
  61  5:44  Roach  
  59  5:50  Roach  
  59  5:52  Zergling x2  
  59  5:53  Zergling x2  
Show
View Real Time Build Order
Export as new Build Order

NonY Protoss - Winner!

Build Orders: 1 Gate Expand 

Get SALT Encoding   

  12  0:00  Probe (Chrono Boost)  
  13  0:11  Probe (Chrono Boost)  
  14  0:18  Pylon  
  14  0:23  Probe (Chrono Boost)  
  15  0:31  Assimilator  
  15  0:36  Probe (Chrono Boost)  
  16  0:44  Gateway  
  16  0:48  Probe (Chrono Boost)  
  17  0:58  Probe (Chrono Boost)  
  18  1:09  Probe (Chrono Boost)  
  19  1:21  Nexus  
  19  1:24  Probe (Chrono Boost)  
  20  1:35  Cybernetics Core  
  20  1:37  Probe (Chrono Boost)  
  21  1:43  Assimilator  
  21  1:47  Probe (Chrono Boost)  
  21  1:52  Pylon  
  22  1:57  Warp Gate  
  22  1:58  Probe (Chrono Boost)  
  23  2:10  Probe (Chrono Boost)  
  23  2:11  Adept  
  27  2:23  Probe (Chrono Boost)  
  27  2:31  Twilight Council  
  27  2:33  Probe (Chrono Boost)  
  27  2:35  Probe (Chrono Boost)  
  29  2:38  Adept  
  31  2:45  Probe (Chrono Boost)  
  31  2:47  Probe (Chrono Boost)  
  33  2:54  Resonating Glaives  
  33  2:59  Probe (Chrono Boost)  
  33  3:00  Probe (Chrono Boost)  
  35  3:06  Gateway  
  35  3:07  Gateway  
  37  3:20  Probe (Chrono Boost)  
  37  3:21  Probe (Chrono Boost)  
  37  3:23  Pylon  
  37  3:24  Adept  
  41  3:34  Probe x2 (Chrono Boost)  
  41  3:44  Gateway  
  41  3:45  Gateway  
  41  3:46  Gateway  
  41  3:51  Mothership Core (Chrono Boost)  
  44  3:56  Probe (Chrono Boost)  
  44  3:58  Pylon  
  44  4:02  Sentry  
  46  4:03  Sentry, Adept  
  50  4:12  Probe (Chrono Boost)  
  50  4:14  Probe (Chrono Boost)  
  52  4:19  Assimilator, Pylon  
  52  4:23  Probe (Chrono Boost)  
  53  4:29  Adept x2  
  53  4:30  Adept  
  59  4:35  Pylon  
  59  4:42  Zealot x3  
  65  4:55  Stalker x3  
  71  5:07  Stalker x3  
  69  5:27  Stalker x2  
  69  5:28  Stalker  
  75  5:30  Pylon  
  75  5:32  Probe (Chrono Boost), Pylon  
  72  5:45  Zealot  
  72  5:46  Zealot, Stalker  
  78  5:52  Stalker x2  
  80  6:08  Stalker x3  
Tags
 
Add a new tag
Caveats
  • Supply blocks, unpowered buildings, or Contaminate may cause inaccurate times.
  • Supply counts are checked every 10 seconds.